 Dungeon Crawl Stone Soup version 0.24.1-14-gf8d2b509d9 (webtiles) character file.

Game seed: 4869690657595581203, levelgen mode: deterministic

8666 Gildeon the Basher (level 11, -1/86 HPs)
             Began as a Formicid Fighter on May 15, 2020.
             Was an Elder of Makhleb.
             Killed from afar by a deep elf mage (31 damage)
             ... with a bolt of lightning
             ... in a bailey on May 24, 2020.
             The game lasted 00:36:46 (9626 turns).

Gildeon the Basher (Formicid Fighter)               Turns: 9626, Time: 00:36:46

Health: -1/86      AC: 16    Str: 29    XL:     11   Next: 60%
Magic:  14/14      EV: 11    Int:  8    God:    Makhleb [****..]
Gold:   222        SH: 10    Dex: 10    Spells: 10/10 levels left

rFire    + + .     SeeInvis +   k - +5 halberd
rCold    x . .     Gourm    +   c - +0 shield
rNeg     . . .     Faith    .   t - +4 fire dragon scales
rPois    .         Spirit   .   (helmet unavailable)
rElec    .         Reflect  .   B - +0 cloak
rCorr    .         Harm     .   H - +0 pair of gloves
MR       +....                  (no boots)
Stlth    ..........             w - amulet of the gourmand
HPRegen  0.24/turn              (no ring)
MPRegen  0.14/turn              (no ring)

@: mighty
A: permanent stasis, dig shafts and tunnels, four strong arms, antennae 3
a: Dig, Shaft Self, Minor Destruction, Lesser Servant of Makhleb, Major
Destruction, Renounce Religion


You were in a bailey.
You worshipped Makhleb.
Makhleb was greatly pleased with you.
You were completely stuffed.

You visited 2 branches of the dungeon, and saw 10 of its levels.
You also visited: Bailey.

You collected 447 gold pieces.
You spent 225 gold pieces at shops.

Inventory:

Hand Weapons
 h - a +4 war axe
 k - a +5 halberd (weapon)
 z - a +0 flail of holy wrath
 D - a +4 dire flail
 I - a +0 whip of electrocution
Armour
 c - a +0 shield (worn)
 t - +4 fire dragon scales (worn)
 B - a +0 cloak (worn)
 H - a +0 pair of gloves (worn)
Jewellery
 w - an amulet of the gourmand (around neck)
Wands
 a - a wand of disintegration (12)
 u - a wand of polymorph (3)
 y - a wand of flame (7)
 F - a wand of acid (6)
Scrolls
 b - 2 scrolls of amnesia
 j - a scroll of magic mapping
 m - a scroll of immolation {unknown}
 o - 2 scrolls of remove curse
 s - a scroll of fog {unknown}
 v - a scroll of fear {unknown}
 E - a scroll of enchant weapon {unknown}
 G - a scroll of acquirement {unknown}
Potions
 d - 2 potions of might
 e - a potion of cancellation {unknown}
 g - 2 potions of brilliance
 i - a potion of resistance
 l - a potion of flight {unknown}
 p - 3 potions of heal wounds
 q - 2 potions of magic
 r - 4 potions of agility
 x - a potion of curing {unknown}
Comestibles
 f - 16 rations
 n - a chunk of flesh


   Skills:
 + Level 7.8 Fighting
 - Level 9.6(10.0) Maces & Flails
 + Level 7.0(7.6) Polearms
   Level 4.1(8.7) Staves
 - Level 5.3 Armour
 - Level 5.1 Dodging
 - Level 5.3 Shields
 - Level 5.1 Invocations
 - Level 5.0 Evocations


You had 10 spell levels left.
You didn't know any spells.
Your spell library was empty.

Dungeon Overview and Level Annotations

Branches:
Dungeon (9/15)             Temple (1/1) D:5            Lair (0/6) D:8
 Bailey (1/1)
    Orc: D:9-12

Altars:
Ashenzari
Cheibriados
Dithmenos
Elyvilon
Fedhas
Gozag
Hepliaklqana
Kikubaaqudgha
Makhleb
Nemelex Xobeh
Okawaru
Qazlal
Ru
Sif Muna
Trog
Uskayaw
Vehumet
Wu Jian
Xom
Yredelemnul
Zin
The Shining One

Shops:
D:7 :   D:9 ?


Innate Abilities, Weirdness & Mutations

You cannot be hasted, slowed, berserked, paralysed or teleported.
You can dig through walls and to a lower floor.
Your four strong arms can wield two-handed weapons with a shield.
You have a pair of large antennae on your head. (SInv)


Message History

a +0 long sword; an elf skeleton
Things that are here:
a +0 long sword; an elf skeleton
Things that are here:
a +0 long sword; an elf skeleton You slash the deep elf mage!
The deep elf mage is lightly wounded.
The deep elf mage casts a spell.
The deep elf mage blinks!
There is an open door, spattered with blood here.
Things that are here:
a +0 short sword; a cursed -2 long sword; an elf skeleton The deep elf mage hits you but does no damage.
You slash the deep elf mage!
The deep elf mage is heavily wounded.
The deep elf mage mumbles some strange words.
The deep elf mage blinks!
The deep elf mage gestures at you while chanting.
The bolt of lightning hits you!!
You die...

.. .. .###
###. ##...#
#...## #.....
.....# #.....
.....# {
#..... .....#
#....#....#
#####)#####
##....#.@..#
#.....#.....#
#.)∩..#.....#
#.....#....e#
###...###...##
##.)##'######.
#..).##...##
..
#....#.....#
...
##..##..∩..#


You could see a deep elf mage.

Vanquished Creatures
  Pikel (D:8)
  6 deep elf magi (Bailey)
  Prince Ribbit (D:6)
  2 hippogriffs
  3 hungry ghosts
  Edmund (D:4)
  Duvessa (D:4)
  A water moccasin (D:5)
  A porcupine (D:8)
  4 orc warriors
  2 sky beasts
  2 ice beasts
  A black bear (D:8)
  3 phantoms
  4 ogres
  A necrophage (D:9)
  7 centaurs
  2 bullfrogs
  Dowan (D:4)
  A scorpion (D:4)
  4 killer bees (D:8)
  9 wights
  4 crimson imps
  A bullfrog zombie (D:8)
  Crazy Yiuf (D:3)
  A jelly (D:5)
  5 orc priests
  6 hounds
  2 centaur skeletons
  Ijyb (D:3)
  Natasha (twice) (D:2)
  Terence (D:3)
  11 orc wizards
  2 iguanas (D:8)
  10 worker ants
  A hound skeleton (D:5)
  A worker ant zombie (D:5)
  10 adders
  3 shadow imps
  2 oozes
  An adder zombie (D:7)
  2 adder skeletons
  5 worms
  2 dart slugs
  7 leopard geckos
  34 orcs
  6 giant cockroaches
  11 goblins
  11 hobgoblins
  6 jackals
  5 quokkas
  A ball python skeleton (D:4)
  A ball python zombie (D:5)
  7 bats
  5 frilled lizards
  6 kobolds
  A quokka zombie (D:9)
  8 rats
  A fungus (D:3)
242 creatures vanquished.

Vanquished Creatures (others)
  2 slaves (D:8)
  2 quokkas (D:8)
  A fungus (D:8)
5 creatures vanquished.

Grand Total: 247 creatures vanquished

Notes
Turn   | Place    | Note
-------+----------+-------------------------------------------
     0 | D:1      | Gildeon the Formicid Fighter began the quest for the Orb.
     0 | D:1      | Reached XP level 1. HP: 18/18 MP: 1/1
   329 | D:1      | Reached XP level 2. HP: 24/24 MP: 2/2
   663 | D:1      | Reached XP level 3. HP: 28/29 MP: 3/3
  1348 | D:2      | Noticed Natasha
  1365 | D:2      | Killed Natasha
  1365 | D:2      | Reached XP level 4. HP: 27/35 MP: 4/4
  1534 | D:2      | Reached XP level 5. HP: 35/41 MP: 5/5
  1607 | D:2      | Reached skill level 5 in Polearms
  1727 | D:2      | Found a faded altar of an unknown god.
  1864 | D:2      | Noticed Natasha
  1884 | D:2      | Killed Natasha
  2251 | D:3      | Found a burning altar of Makhleb.
  2268 | D:3      | Became a worshipper of Makhleb the Destroyer
  2298 | D:3      | Reached XP level 6. HP: 43/49 MP: 6/6
  2572 | D:3      | Reached skill level 5 in Fighting
  2673 | D:3      | Noticed Ijyb
  2701 | D:3      | Killed Ijyb
  2884 | D:3      | Found a shadowy altar of Dithmenos.
  2936 | D:3      | Noticed Terence
  2950 | D:3      | Killed Terence
  3709 | D:3      | Found a runed translucent door.
  3710 | D:3      | Noticed Crazy Yiuf
  3723 | D:3      | Killed Crazy Yiuf
  3723 | D:3      | Reached XP level 7. HP: 24/56 MP: 3/7
  3989 | D:3      | Reached * piety under Makhleb
  4132 | D:4      | Reached skill level 1 in Staves
  4202 | D:4      | Noticed Edmund
  4227 | D:4      | Killed Edmund
  4227 | D:4      | Reached skill level 5 in Armour
  4249 | D:4      | Upgraded the game from 0.24.1-11-gbbbb2193e6 to
                  | 0.24.1-14-gf8d2b509d9
  4323 | D:4      | Reached XP level 8. HP: 27/62 MP: 8/8
  4333 | D:4      | Reached skill level 1 in Dodging
  4547 | D:4      | Noticed Dowan
  4548 | D:4      | Noticed Duvessa
  4558 | D:4      | Killed Duvessa
  4562 | D:4      | Killed Dowan
  4724 | D:4      | Found a sacrificial altar of Ru.
  4760 | D:4      | Found a bloodstained altar of Trog.
  4804 | D:5      | Entered Level 5 of the Dungeon
  4943 | D:5      | Reached skill level 5 in Dodging
  5004 | D:5      | Reached XP level 9. HP: 67/68 MP: 9/9
  5015 | D:5      | Reached skill level 5 in Shields
  5039 | D:5      | Found a glowing golden altar of the Shining One.
  5332 | D:5      | Found a hazy altar of Hepliaklqana.
  5519 | D:5      | Reached ** piety under Makhleb
  5520 | D:5      | Found a staircase to the Ecumenical Temple.
  5532 | Temple   | Entered the Ecumenical Temple
  5753 | D:6      | Reached skill level 5 in Invocations
  5775 | D:6      | Reached skill level 1 in Evocations
  5814 | D:6      | Found a shattered altar of Ashenzari.
  6106 | D:6      | Found a glowing silver altar of Zin.
  6180 | D:6      | Reached skill level 1 in Maces & Flails
  6374 | D:6      | Reached skill level 2 in Maces & Flails
  6572 | D:6      | Reached skill level 5 in Evocations
  6572 | D:6      | Reached XP level 10. HP: 74/74 MP: 13/13
  6578 | D:6      | Noticed Prince Ribbit
  6656 | D:6      | Reached skill level 3 in Maces & Flails
  6849 | D:6      | Reached skill level 4 in Maces & Flails
  6976 | D:6      | Found a shattered altar of Ashenzari.
  7373 | D:6      | Killed Prince Ribbit
  7444 | D:6      | Found a glowing silver altar of Zin.
  7697 | D:7      | Reached skill level 5 in Maces & Flails
  7714 | D:7      | Reached *** piety under Makhleb
  7858 | D:7      | Found a sparkling altar of Nemelex Xobeh.
  7924 | D:7      | Reached skill level 6 in Maces & Flails
  8178 | D:7      | Found Xogutzek's Book Emporium.
  8287 | D:7      | Reached skill level 7 in Maces & Flails
  8524 | D:8      | Noticed Pikel
  8548 | D:8      | Killed Pikel
  8548 | D:8      | Reached skill level 8 in Maces & Flails
  8600 | D:8      | Found a stormy altar of Qazlal.
  8903 | D:8      | Found a staircase to the Lair.
  9010 | D:8      | Reached skill level 9 in Maces & Flails
  9105 | D:8      | Reached XP level 11. HP: 72/80 MP: 14/14
  9400 | D:9      | Found Xoppymicw's Magic Scroll Boutique.
  9403 | D:9      | Bought a scroll of identify for 22 gold pieces
  9403 | D:9      | Bought a scroll of identify for 22 gold pieces
  9403 | D:9      | Bought a scroll of remove curse for 33 gold pieces
  9403 | D:9      | Bought a scroll of enchant armour for 82 gold pieces
  9403 | D:9      | Bought a scroll of identify for 22 gold pieces
  9403 | D:9      | Bought a scroll of identify for 22 gold pieces
  9403 | D:9      | Bought a scroll of identify for 22 gold pieces
  9423 | D:9      | Reached **** piety under Makhleb
  9484 | D:9      | Found a flagged portal.
  9511 | Bailey   | Entered a bailey
  9517 | Bailey   | Noticed a deep elf mage
  9524 | Bailey   | Killed a deep elf mage
  9532 | Bailey   | Noticed a deep elf mage
  9533 | Bailey   | Noticed a deep elf mage
  9540 | Bailey   | Killed a deep elf mage
  9548 | Bailey   | Killed a deep elf mage
  9549 | Bailey   | Noticed a deep elf mage
  9549 | Bailey   | Noticed a deep elf mage
  9549 | Bailey   | Noticed a deep elf mage
  9549 | Bailey   | Noticed a deep elf mage
  9581 | Bailey   | Killed a deep elf mage
  9582 | Bailey   | HP: 2/84 [deep elf mage/bolt of magma (15)]
  9585 | Bailey   | Killed a deep elf mage
  9598 | Bailey   | Killed a deep elf mage
  9626 | Bailey   | Killed from afar by a deep elf mage

Levels and vault maps discovered:
D:1:      dpeg_arrival_simpleton_b, layout_rooms
D:2:      minmay_diamond_boxcup, layout_basic,
          chequers_ecumenical_altar_simple_redux, uniq_natasha
D:3:      layout_basic, makhleb_grotto_becter,
          nicolae_dithmenos_through_a_glass_darkly, uniq_crazy_yiuf_cottage,
          uniq_terence, uniq_ijyb
D:4:      layout_rooms, lightli_temple_of_fire, first_ration,
          nicolae_ru_the_path_less_chosen, uniq_duvessa, uniq_edmund
D:5:      minmay_evil_eye, layout_loops_ring, nicolae_tso_carved_into_rock,
          temple_hall, basic_altar, minmay_misc_feat_five,
          chequers_serial_rivers_micro_c
D:6:      minmay_recursive_quarters, layout_basic, kennysheep_mini,
          nicolae_ashenzari_panopticon, serial_corexii_hall,
          corexii_hall_statues_x, chequers_hall_statues_wall_a,
          corexii_hall_statues_i, minivault_23, kennysheep_generic_room_3,
          uniq_prince_ribbit1
D:7:      layout_basic, lemuel_doored_altar, serial_shops, shop
D:8:      layout_basic, nicolae_qazlal_general_emergency,
          grunt_lair_entry_orc_guard_hut, uniq_pikel
D:9:      layout_loops_cross, enter_bailey_2, serial_shops, kennysheep_mini_moat
Temple:   zaba_magenta_temple
Bailey:   bailey_polearm_3, bailey

Skill      XL: |  1  2  3  4  5  6  7  8  9 10 11 |
---------------+----------------------------------+-----
Polearms       | 3 4 5 7 |  7.0
Fighting       | 4 5 7 |  7.8
Armour         | 4 5 |  5.3
Staves         | 4 |  4.1
Dodging        | 5 |  5.1
Shields        | 4 5 |  5.3
Invocations    | 5 |  5.1
Evocations     | 5 |  5.0
Maces & Flails | 2 9 |  9.6

Action                   |  1- 3 |  4- 6 |  7- 9 | 10-12 || total
-------------------------+-------+-------+-------+-------++-------
Melee: Trident           |   130 |   341 |       |       ||   471
       Unarmed           |       |    14 |       |       ||    14
       Quarterstaff      |       |       |   221 |       ||   221
       Dire flail        |       |       |    58 |   274 ||   332
       Flail             |       |       |    25 |    59 ||    84
       Halberd           |       |       |       |    80 ||    80
Evoke: Wand              |       |       |       |    11 ||    11
  Use: Scroll            |       |     1 |     3 |    12 ||    16
       Potion            |       |       |       |     3 ||     3
 Stab: Paralysed         |       |       |     1 |       ||     1
  Eat: Chunk             |     2 |     8 |    21 |    29 ||    60
Armor: Scale mail        |    36 |       |       |       ||    36
       Plate armour      |    18 |   162 |    53 |       ||   233
       Skin              |       |     5 |       |       ||     5
       Fire dragon scale |       |       |    79 |   159 ||   238
Dodge: Dodged            |    28 |    57 |    95 |   134 ||   314
Block: Shield            |    67 |   125 |   160 |   181 ||   533
